 Dungeon Crawl Stone Soup version 0.29.0-11-gd7f09526c8 (webtiles) character file.

Game seed: 16522824401201039961

11221 hilljack the Summoner (level 11, -3/83 HPs)
             Began as a Gnoll Summoner on Sept 4, 2022.
             Was the Champion of Jiyva.
             Slain by a spriggan
             ... wielding the +2 spear of Uskayaw's Condemnation {vorpal, *Rage rElec rC+}
              (4 damage)
             ... on level 1 of the Lair of Beasts.
             The game lasted 00:31:28 (10541 turns).

hilljack the Summoner (Gnoll Summoner)             Turns: 10541, Time: 00:31:28

Health: -3/83      AC: 16    Str:  9    XL:     11   Next: 74%
Magic:  23/23      EV: 20    Int: 15    God:    Jiyva [******]
Gold:   216        SH:  7    Dex: 20    Spells: 12/27 levels left

rFire   . . .      SeeInvis .   c - +1 trident of Extinguishment {drain, *Corrode rPois Int-3 Dex+8}
rCold   . . .      Faith    .   q - +1 buckler
rNeg    + . .      Spirit   .   t - +0 steam dragon scales
rPois   +          Reflect  .   (helmet restricted)
rElec   .          Harm     .   (no cloak)
rCorr   +          Rampage  .   g - +0 pair of gloves
Will    .....      Clarity  +   (no boots)
Stlth   ++++......              (no amulet)
HPRegen 1.83/turn               s - ring of positive energy
MPRegen 0.68/turn               (no ring)

@: no status effects
A: fangs 1, strong nose, distributed training, hooves 2, horns 1, iridescent
scales 3, clarity, poison resistance, gelatinous body 3, jelly sensing items
a: Renounce Religion, Oozemancy, Slimify


You were on level 1 of the Lair of Beasts.
You worshipped Jiyva.
Jiyva was exalted by your worship.
You visited 3 branches of the dungeon, and saw 11 of its levels.

You collected 325 gold pieces.
You spent 109 gold pieces at shops.

Inventory:

Hand Weapons
 a - the +7 short sword of the Harvest {protect, rPois Int+4}
   (You found it on level 4 of the Dungeon)

   It grants its wielder temporary protection when it strikes (+7 to AC).
   Int:       It affects your intelligence (+4).
   rPois:     It protects you from poison.
 b - a +1 vorpal sling
 c - the +1 trident of Extinguishment (weapon) {drain, *Corrode rPois Int-3 Dex+8}
   (You found it on level 4 of the Dungeon)

   A truly terrible weapon, it drains the life of any living foe it strikes.
   Int:       It affects your intelligence (-3).
   Dex:       It affects your dexterity (+8).
   rPois:     It protects you from poison.
   *Corrode:  It may corrode you when you take damage.
 l - a +0 arbalest
 p - a +4 trident
Armour
 g - a +0 pair of gloves (worn)
 m - a +1 robe of cold resistance
 q - a +1 buckler (worn)
 t - +0 steam dragon scales (worn)
Magical Staves
 d - a staff of poison
Jewellery
 s - a ring of positive energy (left hand)
Wands
 h - a wand of flame (20)
Scrolls
 k - 5 scrolls of enchant weapon
 r - a scroll of fear
Potions
 e - a potion of curing
 f - 2 potions of magic
 i - 3 potions of flight
 n - 2 potions of mutation {unknown}
 o - a potion of degeneration {unknown}


   Skills:
 + Level 6.8 Fighting
 + Level 6.8 Short Blades
 + Level 6.8 Long Blades
 + Level 6.8 Axes
 + Level 6.8 Maces & Flails
 + Level 6.8 Polearms
 + Level 6.8 Staves
 + Level 6.8 Ranged Weapons
 + Level 6.8 Throwing
 + Level 6.8 Armour
 + Level 8.3 Dodging
 + Level 8.1 Stealth
 + Level 6.8 Shields
 + Level 6.8 Unarmed Combat
 + Level 8.5 Spellcasting
 + Level 5.6 Conjurations
 + Level 5.6 Hexes
 + Level 9.2 Summonings
 + Level 5.6 Necromancy
 + Level 5.6 Translocations
 + Level 5.6 Transmutations
 + Level 5.6 Fire Magic
 + Level 5.6 Ice Magic
 + Level 5.6 Air Magic
 + Level 5.6 Earth Magic
 + Level 5.6 Poison Magic
 + Level 7.5 Invocations
 + Level 6.8 Evocations


You had 12 spell levels left.
You knew the following spells:

 Your Spells              Type           Power      Damage    Failure   Level
a - Summon Small Mammal   Summ           100%       N/A       1%          1
b - Call Imp              Summ           34%        N/A       1%          2
c - Call Canine Familiar  Summ           34%        N/A       1%          3
d - Summon Guardian Gole  Hex/Summ       28%        N/A       1%          3
e - Summon Lightning Spi  Summ/Air       28%        N/A       7%          4
f - Passwall              Tmut/Erth      19%        N/A       2%          2

Your spell library contained the following spells:

 Spells                   Type           Power      Damage    Failure   Level
 Sandblast                Erth           46%        2d11      1%          1
 Static Discharge         Conj/Air       23%        3-6/arc   2%          2
 Sublimation of Blood     Necr           23%        N/A       2%          2
 Conjure Flame            Conj/Fire      23%        6-21      4%          3
 Ignite Poison            Fire/Tmut/Pois 23%        N/A       4%          3
 Stone Arrow              Conj/Erth      46%        3d9       4%          3
 Petrify                  Tmut/Erth      23%        N/A       14%         4
 Sticky Flame             Conj/Fire      23%        2d4       14%         4
 Fireball                 Conj/Fire      11%        3d7       36%         5
 Irradiate                Conj/Tmut      11%        3d15      36%         5
 Iskenderun's Battlesphe  Conj           23%        2d8       36%         5
 Lightning Bolt           Conj/Air       11%        1d24      36%         5
 Conjure Ball Lightning   Conj/Air       11%        3x3d6     91%         6
 Orb of Destruction       Conj           11%        9d6       100%        7
 Maxwell's Capacitive Co  Air            11%        ∞         100%        8


Dungeon Overview and Level Annotations

Branches:
Dungeon (9/15)             Temple (1/1) D:5            Lair (1/5) D:8
    Orc: D:9-12

Altars:
Ashenzari
Cheibriados
Dithmenos
Elyvilon
Fedhas
Gozag
Hepliaklqana
Kikubaaqudgha
Makhleb
Nemelex Xobeh
Okawaru
Qazlal
Ru
Sif Muna
Trog
Uskayaw
Vehumet
Wu Jian
Xom
Yredelemnul
Zin
The Shining One
Jiyva

Shops:
D:2 (   D:4 *   D:6 *(*([   D:8 =

Annotations:
D:4 2 runed translucent doors
Lair:1 SensoryNuts's ghost, journeyman DsFi


Innate Abilities, Weirdness & Mutations

You have very sharp teeth.
Your uncanny sense of smell can sniff out nearby items.
Your experience applies equally to all skills.
You have hoof-like feet.
You have a pair of small horns on your head.
You are completely covered in iridescent scales. (AC +6)
You possess an exceptional clarity of mind.
Your system is resistant to poisons. (rPois)
Your gelatinous body deflects attacks. (AC +3, EV +3)
You have a small jelly attached to you that senses nearby items.


Message History

SensoryNuts's ghost is unaffected.
The spriggan is unaffected.
The jelly looks frightened!
The jelly quivers.
The jelly looks frightened! x2
The jelly quivers.
The jelly looks frightened! x2
The jelly quivers.
The jelly looks frightened!
The jelly quivers.
The jelly looks frightened!
The jelly quivers.
The black bear is no longer covered in acid.
The jelly trembles before you. x7
You block the spriggan rider's attack.
The spriggan supplicates, "Why can't we all just get along?"
The spriggan barely misses you.
The spriggan prays for help.
SensoryNuts's ghost hits you! SensoryNuts's ghost burns you.
You block the spriggan's attack.
The spriggan rider completely misses you.
The spriggan hits you with the +2 spear of Uskayaw's Condemnation {vorpal, *Rage rElec rC+}!
Okay, then.
You feel much better. The black bear misses you.
The black bear barely misses you. The black bear closely misses you.
You block the spriggan rider's attack. You block the spriggan's attack.
The black bear bites you! The black bear closely misses you.
The black bear completely misses you.
You hear a distant slurping noise.
SensoryNuts's ghost hits you but does no damage.
The black bear attacks as you move away!
The black bear barely misses you. You block the black bear's attack.
The black bear barely misses you. The spriggan attacks as you move away!
The spriggan hits you with the +2 spear of Uskayaw's Condemnation {vorpal, *Rage rElec rC+}.
The spriggan hits you from afar with the +2 spear of Uskayaw's Condemnation {vorpal, *Rage rElec rC+}!
The spriggan rider hits you from afar with a +0 spear!
* * * LOW HITPOINT WARNING * * *
The spriggan hits you from afar with the +2 spear of Uskayaw's Condemnation {vorpal, *Rage rElec rC+}!!
* * * LOW HITPOINT WARNING * * *
You shudder from the blow and a jelly pops out!
You die...

####J........## #### #
♣♣♣#J.........# ###..#### # ♣♣
♣P.#..........####........ ##
♣♣.♣♣$##.......#..........####
.##♣....♣#J.......##.#.###....#
..# ♣[..#.......P#.#### ####.#
#.#♣.P!♣.i..J.i.W...# ###
###♣♣...♣#......#.### #
♣P.♣P♣#⌠...ih@## ♣♣ .
♣##...J.P# ♣ ♣$.##....##
♣♣♣#.....## ######......#
##...........##
##.............#
###..............##
##...##............###


You could see a spriggan rider, a black bear (berserk), 2 spriggans, 3 neutral
jellies (fellow slime) and a friendly acid blob (summoned).

Vanquished Creatures
  A catoblepas (Lair:1)
  2 cane toads (Lair:1)
  A komodo dragon (Lair:1)
  A hornet (D:9)
  3 yaks
  A wyvern (D:4)
  3 water moccasins
  2 sky beasts
  3 black bears
  2 centaurs (D:6)
  A kobold brigand (D:8)
  4 bullfrogs
  A necrophage (D:4)
  2 wights (D:8)
  3 killer bees (D:8)
  3 howler monkeys
  7 hounds
  A gnoll bouda (D:4)
  2 orc wizards (D:9)
  4 adders
  3 white imps
  An ufetubus (D:5)
  A dart slug (D:1)
  20 orcs
  2 giant cockroaches
  8 goblins
  11 hobgoblins
  3 jackals (D:2)
  7 kobolds
  2 ball pythons (D:4)
  6 bats
  3 frilled lizards
  A rat (D:2)
115 creatures vanquished.

Vanquished Creatures (collateral kills)
  A cane toad (Lair:1)
  A torpor snail (Lair:1)
  Maggie (Lair:1)
  A troll (D:8)
  Grinder (D:4)
  Sigmund (D:4)
  A wyvern (D:4)
  12 yaks
  A water moccasin (D:6)
  An orc warrior (D:7)
  A black bear (Lair:1)
  A gnoll sergeant (D:8)
  A scorpion (D:7)
  3 wights (D:6)
  An orc priest (D:4)
  An iguana (D:7)
  An orc wizard (D:8)
  Robin (D:4)
  2 adders
  3 gnolls (D:8)
  A worm (D:5)
  7 orcs
  An endoplasm (D:1)
  A giant cockroach (D:4)
  3 goblins
  4 hobgoblins
  A ball python (D:1)
  A frilled lizard (D:1)
  3 kobolds
  A rat (D:1)
59 creatures vanquished.

Vanquished Creatures (others)
  A hydra (Lair:1)
  An oklob plant (Lair:1)
  The ghost of scisormetimb3rs the Trooper, a novice PaFi (D:5)
  14 yaks
  A water moccasin (Lair:1)
  2 orc warriors (D:9)
  An ogre (D:5)
  A centaur (D:9)
  2 bullfrogs
  2 scorpions
  2 wights
  A killer bee (D:9)
  2 howler monkeys
  26 jellies
  Crazy Yiuf (D:4)
  2 iguanas (D:5)
  An orc wizard (D:9)
  4 adders
  A worm (D:2)
  2 endoplasms
  3 orcs
  A ball python (D:4)
  2 bats
  4 goblins
  3 kobolds
  A quokka (D:4)
  A rat (D:2)
  5 fungi (Lair:1)
  22 plants
  2 withered plants (D:5)
112 creatures vanquished.

Grand Total: 286 creatures vanquished

Notes
Turn   | Place    | Note
-------+----------+-------------------------------------------
     0 | D:1      | hilljack the Gnoll Summoner began the quest for the Orb.
     0 | D:1      | Reached XP level 1. HP: 13/13 MP: 6/6
    54 | D:1      | Found a faded altar of an unknown god.
   260 | D:1      | Prayed at the altar of an unknown god.
   260 | D:1      | Became a worshipper of Jiyva Jenups the Shapeless
   260 | D:1      | Reached * piety under Jiyva
   373 | D:1      | Reached XP level 2. HP: 18/19 MP: 7/7
   376 | D:1      | Learned a level 2 spell: Call Imp
   654 | D:1      | Reached ** piety under Jiyva
   896 | D:2      | Reached skill level 5 in Spellcasting
   896 | D:2      | Reached XP level 3. HP: 25/25 MP: 7/9
  1005 | D:2      | Reached skill level 1 in Invocations
  1043 | D:2      | Reached skill level 1 in Fighting
  1043 | D:2      | Reached skill level 1 in Short Blades
  1043 | D:2      | Reached skill level 1 in Long Blades
  1043 | D:2      | Reached skill level 1 in Axes
  1043 | D:2      | Reached skill level 1 in Maces & Flails
  1043 | D:2      | Reached skill level 1 in Polearms
  1043 | D:2      | Reached skill level 1 in Staves
  1043 | D:2      | Reached skill level 1 in Ranged Weapons
  1043 | D:2      | Reached skill level 1 in Throwing
  1043 | D:2      | Reached skill level 1 in Armour
  1043 | D:2      | Reached skill level 1 in Shields
  1043 | D:2      | Reached skill level 1 in Unarmed Combat
  1043 | D:2      | Reached skill level 1 in Evocations
  1229 | D:2      | Reached XP level 4. HP: 32/32 MP: 11/11
  1259 | D:2      | Found Kimeblull's Weapon Emporium.
  1577 | D:3      | Reached *** piety under Jiyva
  1616 | D:3      | Noticed a scorpion
  1616 | D:3      | Killed a scorpion
  1717 | D:3      | Gained mutation: You have a pair of small horns on your
                  | head. [Jiyva's grace]
  1717 | D:3      | Gained mutation: You have a pair of horns on your head.
                  | [Jiyva's grace]
  1717 | D:3      | Gained mutation: You have a pair of large horns on your
                  | head. [Jiyva's grace]
  1717 | D:3      | Gained mutation: Your system is resistant to poisons.
                  | (rPois) [Jiyva's grace]
  1935 | D:3      | Identified the +0 robe of the Elven Halls {Regen+ Int+6}
  2128 | D:4      | Reached skill level 1 in Conjurations
  2128 | D:4      | Reached skill level 1 in Hexes
  2128 | D:4      | Reached skill level 1 in Necromancy
  2128 | D:4      | Reached skill level 1 in Translocations
  2128 | D:4      | Reached skill level 1 in Transmutations
  2128 | D:4      | Reached skill level 1 in Fire Magic
  2128 | D:4      | Reached skill level 1 in Ice Magic
  2128 | D:4      | Reached skill level 1 in Air Magic
  2128 | D:4      | Reached skill level 1 in Earth Magic
  2128 | D:4      | Reached skill level 1 in Poison Magic
  2366 | D:4      | Noticed Sigmund
  2407 | D:4      | Learned a level 3 spell: Call Canine Familiar
  2438 | D:4      | Killed Sigmund
  2439 | D:4      | Reached skill level 5 in Dodging
  2439 | D:4      | Reached XP level 5. HP: 37/38 MP: 12/12
  2439 | D:4      | Reached XP level 6. HP: 43/44 MP: 14/14
  2693 | D:4      | Noticed Grinder
  2706 | D:4      | Found a sacrificial altar of Ru.
  2715 | D:4      | Killed Grinder
  2733 | D:4      | Identified the +7 short sword of the Harvest {protect,
                  | rPois Int+4}
  2754 | D:4      | Found a runed translucent door.
  2755 | D:4      | Noticed Crazy Yiuf
  2796 | D:4      | Noticed Robin
  2845 | D:4      | Killed Robin
  2919 | D:4      | Killed Crazy Yiuf
  2986 | D:4      | Reached **** piety under Jiyva
  3049 | D:4      | Found Woetrewn's Elemental Accessories.
  3090 | D:4      | Found a large runed translucent door.
  3090 | D:4      | Found a large runed translucent door.
  3091 | D:4      | Noticed a wyvern
  3096 | D:4      | Noticed a black bear
  3101 | D:4      | Noticed a wyvern
  3107 | D:4      | Killed a wyvern
  3108 | D:4      | Reached XP level 7. HP: 51/51 MP: 12/15
  3128 | D:4      | Found a large runed translucent door.
  3128 | D:4      | Found a large runed translucent door.
  3134 | D:4      | Reached skill level 5 in Stealth
  3174 | D:4      | Killed a wyvern
  3177 | D:4      | Reached XP level 8. HP: 58/58 MP: 16/16
  3180 | D:4      | Identified the +1 trident of Extinguishment {drain,
                  | *Corrode rPois Int-3 Dex+8}
  3663 | D:5      | Entered Level 5 of the Dungeon
  3696 | D:5      | Learned a level 3 spell: Summon Guardian Golem
  3701 | D:5      | Learned a level 4 spell: Summon Lightning Spire
  3969 | D:5      | Found a staircase to the Ecumenical Temple.
  4035 | Temple   | Entered the Ecumenical Temple
  4379 | D:5      | Found a broken altar of Ashenzari.
  4518 | D:5      | Reached ***** piety under Jiyva
  4541 | D:5      | Found a runed translucent door.
  4542 | D:5      | Noticed scisormetimb3rs's ghost (novice PaFi)
  4713 | D:5      | Killed scisormetimb3rs's ghost
  4714 | D:5      | Reached XP level 9. HP: 65/65 MP: 18/18
  4896 | D:6      | Found Kaliam's Assorted Antiques.
  4947 | D:6      | Reached skill level 8 in Summonings
  5093 | D:6      | Bought a scroll labelled CEADIVV IWEH for 28 gold pieces
  5093 | D:6      | Bought a scroll of identify for 56 gold pieces
  5093 | D:6      | Bought a green potion for 25 gold pieces
  5275 | D:6      | Found Jank's General Store.
  5342 | D:6      | Gained mutation: You have a small jelly attached to you
                  | that senses nearby items. [Jiyva's grace]
  5342 | D:6      | Gained mutation: You are partially covered in iridescent
                  | scales. (AC +2) [Jiyva's grace]
  5342 | D:6      | Gained mutation: You are mostly covered in iridescent
                  | scales. (AC +4) [Jiyva's grace]
  5342 | D:6      | Gained mutation: You are completely covered in iridescent
                  | scales. (AC +6) [Jiyva's grace]
  5504 | D:6      | Found Onlumad's Armour Shop.
  5532 | D:6      | Found a shimmering blue altar of Sif Muna.
  5584 | D:6      | Found Lihu's Weapon Emporium.
  5764 | D:6      | You fall into a shaft and drop 1 floor!
  5797 | D:7      | Found a hazy altar of Hepliaklqana.
  5797 | D:7      | Found a stormy altar of Qazlal.
  5880 | D:7      | Reached skill level 5 in Invocations
  6485 | D:6      | Found Zuenim's Antique Weapon Shop.
  6903 | D:8      | Found a staircase to the Lair.
  6938 | D:8      | Reached ****** piety under Jiyva
  7282 | D:8      | Reached skill level 5 in Fighting
  7282 | D:8      | Reached skill level 5 in Short Blades
  7282 | D:8      | Reached skill level 5 in Long Blades
  7282 | D:8      | Reached skill level 5 in Axes
  7282 | D:8      | Reached skill level 5 in Maces & Flails
  7282 | D:8      | Reached skill level 5 in Polearms
  7282 | D:8      | Reached skill level 5 in Staves
  7282 | D:8      | Reached skill level 5 in Ranged Weapons
  7282 | D:8      | Reached skill level 5 in Throwing
  7282 | D:8      | Reached skill level 5 in Armour
  7282 | D:8      | Reached skill level 5 in Shields
  7282 | D:8      | Reached skill level 5 in Unarmed Combat
  7282 | D:8      | Reached skill level 5 in Evocations
  7285 | D:8      | Reached XP level 10. HP: 72/73 MP: 16/20
  7370 | D:8      | Lost mutation: You have a pair of large horns on your head.
                  | [Jiyva's grace]
  7370 | D:8      | Gained mutation: You have large cloven feet. [Jiyva's
                  | grace]
  7370 | D:8      | Gained mutation: You have hoof-like feet. [Jiyva's grace]
  7370 | D:8      | Gained mutation: You have hooves in place of feet. [Jiyva's
                  | grace]
  7370 | D:8      | Gained mutation: You possess an exceptional clarity of
                  | mind. [Jiyva's grace]
  7774 | D:8      | Found Yrheahuxki's Jewellery Emporium.
  9112 | Lair:1   | Entered Level 1 of the Lair of Beasts
  9120 | D:8      | Reached skill level 5 in Conjurations
  9120 | D:8      | Reached skill level 5 in Hexes
  9120 | D:8      | Reached skill level 5 in Necromancy
  9120 | D:8      | Reached skill level 5 in Translocations
  9120 | D:8      | Reached skill level 5 in Transmutations
  9120 | D:8      | Reached skill level 5 in Fire Magic
  9120 | D:8      | Reached skill level 5 in Ice Magic
  9120 | D:8      | Reached skill level 5 in Air Magic
  9120 | D:8      | Reached skill level 5 in Earth Magic
  9120 | D:8      | Reached skill level 5 in Poison Magic
  9132 | D:8      | Reached XP level 11. HP: 65/81 MP: 16/22
  9250 | Lair:1   | Learned a level 2 spell: Passwall
  9302 | Lair:1   | Noticed a seven-headed hydra
  9312 | Lair:1   | Killed a seven-headed hydra
  9313 | Lair:1   | Reached skill level 9 in Summonings
  9336 | Lair:1   | Noticed a catoblepas
  9364 | Lair:1   | Killed a catoblepas
  9832 | Lair:1   | Noticed Maggie
  9839 | Lair:1   | Killed Maggie
  9921 | Lair:1   | Found a runed translucent door.
  9923 | Lair:1   | Identified the +2 spear of Uskayaw's Condemnation {vorpal,
                  | *Rage rElec rC+}
  9939 | Lair:1   | Lost mutation: You have hooves in place of feet. [Jiyva's
                  | grace]
  9939 | Lair:1   | Lost mutation: You have a pair of horns on your head.
                  | [Jiyva's grace]
  9939 | Lair:1   | Lost mutation: You are completely covered in iridescent
                  | scales. (AC +6) [Jiyva's grace]
  9939 | Lair:1   | Gained mutation: You are completely covered in iridescent
                  | scales. (AC +6) [Jiyva's grace]
  9939 | Lair:1   | Gained mutation: Your rubbery body absorbs attacks. (AC +1,
                  | EV +1) [Jiyva's grace]
  9939 | Lair:1   | Gained mutation: Your pliable body absorbs attacks. (AC +2,
                  | EV +2) [Jiyva's grace]
  9939 | Lair:1   | Gained mutation: Your gelatinous body deflects attacks. (AC
                  | +3, EV +3) [Jiyva's grace]
  9957 | Lair:1   | Identified the +8 chain mail of Lies {Fly}
 10038 | Lair:1   | Noticed SensoryNuts's ghost (journeyman DsFi)
 10135 | Lair:1   | Noticed an oklob plant
 10149 | Lair:1   | Killed an oklob plant
 10496 | Lair:1   | Noticed a spriggan rider
 10541 | Lair:1   | HP: 1/83 [spriggan/the +2 spear of Uskayaw's Condemnation
                  | {vorpal, *Rage rElec rC+} (21)]
 10541 | Lair:1   | Slain by a spriggan

Illustrated notes

Levels and vault maps discovered:
D:1:      dpeg_arrival_ternary, layout_loops_cross, serial_rivers,
          chequers_serial_rivers_micro_c, chequers_serial_rivers_room_b,
          chequers_serial_rivers_micro_b, chequers_serial_rivers_micro_e,
          chequers_serial_rivers_room_b, chequers_serial_rivers_micro_c,
          basic_ecumenical_altar
D:2:      layout_rooms, serial_shops, nicolae_shop_statue_plus,
          chequers_serial_rivers_small_3
D:3:      corexii_shack_village, layout_loops_ring, minmay_misc_feat_ornament,
          hangedman_decor_push, minmay_misc_feat_five
D:4:      layout_rooms, overflow_temple_1_default, minmay_misc_feat_cross,
          nicolae_elemental_shop, minmay_hollow_rounded_squares, uniq_grinder,
          uniq_sigmund, uniq_robin, uniq_crazy_yiuf_cottage
D:5:      layout_loops_cross, lemuel_coloured_pillars_altar, temple_green,
          gammafunk_ghost_grave
D:6:      layout_layer_cave, nicolae_sif_muna_condensation, serial_shops,
          nicolae_shop_statue_plus, nicolae_shop_competitors_out_of_business,
          nicolae_shop_crystal, nicolae_shop_stone, nicolae_shop_waterfront,
          dk_noncrumbling_3
D:7:      layout_basic, chequers_temple_overflow_statue_of_worship
D:8:      layout_basic, lair_entry_dummy, serial_shops, nicolae_lakefront_shop
D:9:      layout_stronghold, st_stairs_11, minmay_hedge_maze
Temple:   minmay_crystal_spiral_temple
Lair:1:   layout_cave_pods, ebering_ghost_funeral_grove, gauntlet_entry_generic,
          bh_autumn_forest_stairs, serial_bayou_shore_b, uniq_maggie

Skill      XL: |  1  2  3  4  5  6  7  8  9 10 11 |
---------------+----------------------------------+-----
Spellcasting   | 5 6 7 8 |  8.5
Invocations    | 1 2 3 4 5 6 7 |  7.5
Fighting       | 1 2 3 5 6 |  6.8
Short Blades   | 1 2 3 5 6 |  6.8
Long Blades    | 1 2 3 5 6 |  6.8
Axes           | 1 2 3 5 6 |  6.8
Maces & Flails | 1 2 3 5 6 |  6.8
Polearms       | 1 2 3 5 6 |  6.8
Staves         | 1 2 3 5 6 |  6.8
Ranged Weapons | 1 2 3 5 6 |  6.8
Throwing       | 1 2 3 5 6 |  6.8
Armour         | 1 2 3 5 6 |  6.8
Shields        | 1 2 3 5 6 |  6.8
Unarmed Combat | 1 2 3 5 6 |  6.8
Evocations     | 1 2 3 5 6 |  6.8
Conjurations   | 1 2 3 4 5 |  5.6
Hexes          | 1 2 3 4 5 |  5.6
Necromancy     | 1 2 3 4 5 |  5.6
Translocations | 1 2 3 4 5 |  5.6
Transmutations | 1 2 3 4 5 |  5.6
Fire Magic     | 1 2 3 4 5 |  5.6
Ice Magic      | 1 2 3 4 5 |  5.6
Air Magic      | 1 2 3 4 5 |  5.6
Earth Magic    | 1 2 3 4 5 |  5.6
Poison Magic   | 1 2 3 4 5 |  5.6
Dodging        | 5 6 7 8 |  8.3
Stealth        | 5 6 7 8 |  8.1
Summonings     | 8 9 |  9.2

Action                   |  1- 3 |  4- 6 |  7- 9 | 10-12 || total
-------------------------+-------+-------+-------+-------++-------
Melee: Quarterstaff      |    74 |   101 |       |       ||   175
       Bite              |     7 |    10 |    14 |    17 ||    48
       Headbutt          |       |     8 |    22 |    30 ||    60
       Short sword       |       |     1 |    47 |       ||    48
       Trident           |       |       |   120 |   142 ||   262
       Punch             |       |       |     4 |       ||     4
       Kick              |       |       |       |    40 ||    40
 Fire: Sling             |       |       |    26 |       ||    26
 Cast: Summon Small Mamm |     9 |    13 |    16 |     7 ||    45
       Call Imp          |     5 |    10 |    11 |    11 ||    37
       Call Canine Famil |       |     6 |    11 |    12 ||    29
       Summon Guardian G |       |       |    14 |    17 ||    31
       Summon Lightning  |       |       |     9 |    20 ||    29
  Use: Scroll            |       |     7 |     7 |     3 ||    17
       Potion            |       |     1 |       |     1 ||     2
 Stab: Sleeping          |     5 |     4 |     4 |     1 ||    14
       Distracted        |       |       |     3 |     5 ||     8
Armor: Robe              |    19 |     7 |    25 |    22 ||    73
       Leather armour    |       |    26 |    29 |       ||    55
       Steam dragon scal |       |       |       |     2 ||     2
Dodge: Dodged            |    72 |    88 |   175 |    88 ||   423
Block: Buckler           |       |       |     2 |    42 ||    44
